 Dungeon Crawl Stone Soup version 0.16.1-30-g34a7ffa (webtiles) character file.

291 joy the Digger (level 6, 24/49 HPs)
             Began as a Deep Dwarf Earth Elementalist on June 19, 2015.
             Quit the game on level 4 of the Dungeon.
             The game lasted 00:09:20 (3839 turns).

joy the Digger (Deep Dwarf Earth Elementalist)      Turns: 3839, Time: 00:09:20

Health: 24/49      AC:  4    Str: 11    XL:     6   Next: 10%
Magic:  10/12      EV: 12    Int: 18    God:
Gold:   156        SH:  0    Dex: 13    Spells: 1 memorised, 10 levels left

rFire  . . .     SeeInvis .     a - 57 stones
rCold  . . .     Clarity  .     p - +0 robe (curse)
rNeg   . . .     SustAb   .     (no shield)
rPois  .         Gourm    .     (no helmet)
rElec  .         Spirit   .     e - +0 cloak
rCorr  .         Warding  .     q - +0 pair of gloves
rMut   .         Stasis   .     (no boots)
MR     .....                    (no amulet)
Stlth  ++........               (no ring)
                                (no ring)

@: non-regenerating, not resistant to hostile enchantments, unstealthy
A: damage resistance, recharge devices, sense surroundings 1, slow healing 3
a: Device Recharging


You were on level 4 of the Dungeon.
You were not hungry.

You visited 1 branch of the dungeon, and saw 4 of its levels.

You collected 156 gold pieces.

Inventory:

Hand weapons
 c - a +2 dagger of pain
Missiles
 a - 57 stones (in hand)
Armour
 e - a +0 cloak (worn)
 k - a +0 buckler
 p - a cursed +0 robe (worn)
 q - a +0 pair of gloves (worn)
Magical devices
 b - a wand of heal wounds (5)
Scrolls
 i - 5 scrolls of identify {unknown}
 j - a scroll of blinking {unknown}
 m - a scroll of remove curse {unknown}
 o - a scroll of noise {unknown}
 r - 4 scrolls of enchant armour {unknown}
 s - a scroll of immolation {unknown}
 t - a scroll of random uselessness {unknown}
 v - a scroll of fog {unknown}
 w - a scroll of magic mapping {unknown}
 x - 2 scrolls of teleportation {unknown}
Potions
 h - a potion of might
 l - a potion of curing
 u - a potion of agility {unknown}
 z - a potion of beneficial mutation {unknown}
Books
 d - a book of Geomancy

   Spells                             Type                      Level
   a - Sandblast                      Earth                        1
   b - Stoneskin                      Transmutation/Earth          2
   c - Passwall                       Transmutation/Earth          3
   d - Stone Arrow                    Conjuration/Earth            3
   e - Petrify                        Transmutation/Earth          4
   f - Lee's Rapid Deconstruction     Earth                        5
Comestibles
 f - 6 bread rations
 g - 13 fruits
 n - 2 meat rations
 A - 3 chunks of flesh


   Skills:
 - Level 2.1 Dodging
 - Level 2.4 Stealth
 + Level 3.0 Spellcasting
   Level 0.8 Transmutations
 + Level 6.6 Earth Magic
 - Level 5.0 Evocations


You had 10 spell levels left.
You knew the following spells:

 Your Spells              Type           Power        Failure   Level  Hunger
a - Sandblast             Erth           ####..       1%          1    None


Dungeon Overview and Level Annotations

Branches:
Dungeon (4/15)
 Temple: D:4-7

Altars:
Fedhas
Trog
The Shining One


Innate Abilities, Weirdness & Mutations

You are resistant to damage.
You can recharge devices by infusing magical energy.
You passively map a small area around you.
You do not heal naturally.


Message History

The rocky blast hits the orc.
The orc is moderately wounded.
Casting: Sandblast
Confirm with . or Enter, or press ? or * to list all spells.
Aiming: Sandblast
Press: ? - help, Shift-Dir - straight line, f/p - orc
Aim: an orc, wielding a hand axe and wearing a chain mail (moderately wounded)
The rocky blast hits the orc.
You kill the orc!
Your Evocations skill increases to level 5!
Things that are here:
a hand axe; a chain mail; an orc corpse You butcher the orc corpse.
A - 4 chunks of flesh
Things that are here:
a hand axe; a chain mail; an orc skeleton Eat one of 4 chunks of flesh? (ye/n/q/i?) This raw flesh tastes terrible.
You continue eating. x2
Are you sure you want to abandon this character and quit the game? (Confirm with "yes".)

### #.### .# ##..#
...###### ##.## ,
........###..# # ,
...........#..####.# * *
* #...@..........# ####.
##.............# ..#..#
#..####.......## .....#
#.#* #.)..#### .....##
#..* #..###
......#####.. * ##.##
.......#.....# #..##
..............## #...##
.........###...###....##


There were no monsters in sight!

Vanquished Creatures
  An iguana (D:4)
  Ijyb (D:3)
  Jessica (D:3)
  Terence (D:2)
  4 gnolls (D:3)
  4 adders (D:2)
  5 worms
  2 giant geckos
  An ooze (D:1)
  10 orcs
  10 bats
  5 goblins
  9 hobgoblins
  6 jackals
  2 quokkas (D:2)
  3 ball pythons
  8 giant cockroaches
  4 giant newts
  A jackal skeleton (D:4)
  7 kobolds
  32 rats
117 creatures vanquished.

Notes
Turn   | Place    | Note
--------------------------------------------------------------
     0 | D:1      | joy, the Deep Dwarf Earth Elementalist, began the quest for the Orb.
     0 | D:1      | Reached XP level 1. HP: 15/15 MP: 2/2
   365 | D:1      | Reached XP level 2. HP: 22/22 MP: 0/3
   576 | D:1      | Reached skill level 5 in Earth Magic
  1329 | D:2      | Reached XP level 3. HP: 22/28 MP: 0/6
  1494 | D:2      | Found a blossoming altar of Fedhas.
  1502 | D:2      | Noticed Terence
  1800 | D:2      | Reached XP level 4. HP: 14/36 MP: 6/8
  1915 | D:2      | Reached skill level 6 in Earth Magic
  2149 | D:2      | Killed Terence
  2252 | D:2      | Reached XP level 5. HP: 11/42 MP: 2/11
  2602 | D:3      | Reached skill level 1 in Evocations
  2623 | D:3      | Found a bloodstained altar of Trog.
  2736 | D:3      | Noticed Jessica
  2739 | D:3      | Killed Jessica
  2891 | D:3      | Noticed Ijyb
  2899 | D:3      | Killed Ijyb
  2999 | D:3      | Found a glowing golden altar of the Shining One.
  3682 | D:4      | Reached XP level 6. HP: 24/49 MP: 9/12
  3832 | D:4      | Reached skill level 5 in Evocations
  3839 | D:4      | Quit the game

Action                   |  1- 3 |  4- 6 || total
-------------------------+-------+-------++-------
Melee: Unarmed           |     2 |       ||     2
       Club              |    58 |       ||    58
 Cast: Sandblast         |    69 |   107 ||   176
  Use: Potion            |       |     5 ||     5
  Eat: Chunk             |     4 |     7 ||    11
